 Dungeon Crawl Stone Soup version 0.22-a0-283-g1871b15 (webtiles) character file.

7970 4thArraOfDagon the Carver (level 11, 0/120 HPs)
             Began as a Formicid Warper on Mar 18, 2018.
             Was an Elder of Fedhas.
             Slain by a minotaur (15 damage)
             ... in a labyrinth.
             The game lasted 00:29:26 (7984 turns).

4thArraOfDagon the Carver (Formicid Warper)         Turns: 7984, Time: 00:29:27

Health: 0/120      AC: 25    Str: 15    XL:     11   Next: 47%
Magic:  17/17      EV:  2    Int: 17    God:    Fedhas [****..]
Gold:   499        SH:  0    Dex: 10    Spells: 14/14 levels left

rFire    . . .     SeeInvis .   n - +3 long sword
rCold    . . .     Gourm    .   (no shield)
rNeg     + + +     Faith    .   (armour currently unavailable)
rPois    +         Spirit   .   (helmet unavailable)
rElec    .         Reflect  .   (cloak currently unavailable)
rCorr    +         Harm     .   (gloves currently unavailable)
MR       +....                  (boots currently unavailable)
Stlth    +.........             (no amulet)
HPRegen  0.30/turn              c - +2 ring of evasion
MPRegen  0.15/turn              O - ring of resist corrosion

@: confused, tree-form
A: permanent stasis, dig shafts and tunnels, four strong arms
a: Fungal Bloom, Evolution, Sunlight, Growth, Reproduction, Renounce Religion


You were in a labyrinth.
You worshipped Fedhas.
Fedhas was greatly pleased with you.
You were not hungry.
You were a tree.
You visited 1 branch of the dungeon, and saw 13 of its levels.
You also visited: Labyrinth and Ossuary.

You collected 772 gold pieces.
You spent 273 gold pieces at shops.

Inventory:

Hand Weapons
 a - a +0 falchion
 n - a +3 long sword (weapon)
 A - a +0 long sword
 F - the +8 shortbow of Bile {velocity, Dex+6, unknown}
   (You found it on level 8 of the Dungeon)

   Any arrow fired from it inflicts extra damage.
   It affects your dexterity (+6).
 H - the +5 quarterstaff of Defiance {freeze, rN+}
   (You found it on level 6 of the Dungeon)

   It has been specially enchanted to freeze those struck by it, causing extra
   injury to most foes and up to half again as much damage against particularly
   susceptible opponents.
   It can also slow down cold-blooded creatures.
   It protects you from negative energy.
 L - a +1 vampiric demon whip
Missiles
 d - 7 tomahawks of returning
 e - 5 tomahawks of dispersal (quivered)
 R - a tomahawk
Armour
 b - a +0 leather armour
 j - a +0 ring mail
 k - a +0 chain mail
 l - a +0 pair of gloves (melded)
 p - the +9 scale mail of the Beggar (melded) {*Drain rElec rPois Str+6}
   (You found it on level 7 of the Dungeon)

   It affects your strength (+6).
   It insulates you from electricity.
   It protects you from poison.
   It causes draining when unequipped.
 w - the cursed +0 leather armour "Jaaraubb" {rC+ rN+ Dex-5 SInv, unknown}
   (You found it on level 5 of the Dungeon)

   It affects your dexterity (-5).
   It protects you from cold.
   It protects you from negative energy.
   It lets you see invisible.
   It has a curse placed upon it.
 B - a +0 cloak (melded)
 I - a +0 pair of boots (melded)
Magical Staves
 x - an uncursed staff of earth
Jewellery
 c - a +2 ring of evasion (left branch)
 m - an uncursed ring of teleportation
 v - an uncursed ring of positive energy
 C - an uncursed ring of protection from fire
 O - a ring of resist corrosion (right branch)
Wands
 g - a wand of scattershot (3)
 P - a wand of paralysis (8)
Scrolls
 h - a scroll of fear
 o - a scroll of noise
 u - 13 scrolls of remove curse
 y - 4 scrolls of enchant weapon
 D - 2 scrolls of fog
Potions
 i - 3 potions of cancellation
 q - 5 potions of lignification
 r - 2 potions of brilliance
 t - a potion of curing
 z - a potion of degeneration
 E - a potion of mutation
 K - 3 potions of flight
 M - a potion of magic
Comestibles
 f - 4 rations


   Skills:
 - Level 5.4 Fighting
 * Level 11.5 Long Blades
 - Level 1.0 Throwing
 + Level 8.0 Armour
 + Level 5.1 Dodging
 - Level 2.1 Spellcasting
   Level 2.6 Translocations
 + Level 9.1 Invocations


You had 14 spell levels left.
You didn't know any spells.

Dungeon Overview and Level Annotations

Branches:
Dungeon (15/15)            Temple (0/1) D:6             Orc (0/2) D:9
 Depths (0/5) D:15
   Lair: D:8-11      Vaults: D:13-14

Altars:
Ashenzari
Dithmenos
Fedhas
Gozag
Hepliaklqana
Kikubaaqudgha
Okawaru
Trog
Zin

Shops:
D:5 ?   D:7 *   D:9 [

Annotations:
D:8 Gastronok; tidbits's ghost, novice GnTm
D:9 exclusion: door


Innate Abilities, Weirdness & Mutations

You cannot be hasted, slowed, berserked, paralysed or teleported.
You can dig through walls and to a lower floor.
Your four strong arms can wield two-handed weapons with a shield.
((You have a pair of large antennae on your head. (SInv)))


Message History

The minotaur gores you!
* * * LOW HITPOINT WARNING * * *
Unknown command.
The minotaur hits you but does no damage.
The minotaur gores you but does no damage.
Your oklob plant spits acid at the minotaur.
The splash of acid hits the minotaur.
Unknown command.
You feel less invigorated.
You feel less confused. The minotaur hits you!
* * * LOW HITPOINT WARNING * * *
The minotaur gores you.
* * * LOW HITPOINT WARNING * * *
Unknown command.
Unknown command.
You are confused.
You feel invigorated. The minotaur hits you!
You die...
Fedhas appreciates your contribution to the ecosystem.

# #... . #
# . ##. #
.. . .. # #
#.#. # . .
# #
######## #
.. . .# H.#
# .
####.#.# .
...#..#.
... .#♣##.#
.#
#...P..H..#
.
#.#######.#
# # ..# #.#
# # # # .#
# #


You could see a minotaur and a friendly oklob plant.

Vanquished Creatures
  A centaur warrior (D:15)
  A two-headed ogre (D:10)
  An ugly thing (D:11)
  A troll (D:10)
  3 yaks (D:10)
  A water moccasin (D:10)
  4 orc warriors
  3 ice beasts
  A black bear (D:7)
  An eye of draining (D:15)
  4 sky beasts
  3 phantoms
  4 ogres
  5 centaurs
  2 big kobolds
  2 elf zombies (Ossuary)
  3 bullfrogs
  A gnoll sergeant (D:7)
  A wyvern skeleton (D:10)
  2 scorpions (D:6)
  2 vampire bats (D:3)
  A howler monkey (D:4)
  A bullfrog zombie (D:5)
  2 centaur zombies
  5 crimson imps
  8 jellies
  7 hounds
  2 centaur skeletons
  5 orc priests
  Crazy Yiuf (D:2)
  4 iguanas
  5 orc wizards
  11 worker ants
  3 big kobold zombies (Ossuary)
  A hound zombie (D:5)
  A hound skeleton (D:4)
  2 mummies (Ossuary)
  A worker ant zombie (D:8)
  A howler monkey zombie (D:8)
  4 gnolls (D:7)
  11 adders
  A shadow imp (D:5)
  13 oozes
  2 adder zombies
  2 adder skeletons
  A worm (D:4)
  A dart slug (D:2)
  6 leopard geckos
  42 orcs
  4 bat skeletons (D:3)
  3 bat zombies (D:3)
  4 giant cockroaches
  6 hobgoblins
  21 jackals
  18 kobolds
  4 quokkas
  A ball python (D:2)
  4 bats
  4 frilled lizards
  7 goblins
  A goblin zombie (Ossuary)
  7 hobgoblin zombies (Ossuary)
  8 kobold zombies (Ossuary)
  A leopard gecko zombie (D:7)
  12 orc zombies (Ossuary)
  5 rats
  2 rat zombies (Ossuary)
302 creatures vanquished.

Vanquished Creatures (others)
  7 fungi (D:7)
  178 toadstools
185 creatures vanquished.

Grand Total: 487 creatures vanquished

Notes
Turn   | Place    | Note
-------+----------+-------------------------------------------
     0 | D:1      | 4thArraOfDagon the Formicid Warper began the quest for the Orb.
     0 | D:1      | Reached XP level 1. HP: 16/16 MP: 3/3
   125 | D:1      | Reached XP level 2. HP: 11/22 MP: 5/5
   191 | D:1      | Reached skill level 3 in Long Blades
   226 | D:1      | Reached XP level 3. HP: 12/27 MP: 6/6
   302 | D:1      | You fall through a shaft!
   483 | D:3      | Found a blossoming altar of Fedhas.
   492 | D:3      | Became a worshipper of Fedhas Madash
   496 | D:3      | You fall through a shaft!
   499 | D:4      | You fall through a shaft for 2 floors!
   743 | D:7      | Got an ichor-stained scale mail
   758 | D:7      | Identified the +9 scale mail of the Beggar {*Drain rElec rPois Str+6} (You found it on level 7 of the Dungeon)
   767 | D:7      | Found a shadowy altar of Dithmenos.
   807 | D:7      | Found a sand-covered staircase.
   812 | Ossuary  | Entered an ossuary
   837 | Ossuary  | Reached XP level 4. HP: 31/33 MP: 7/7
   838 | Ossuary  | Reached skill level 4 in Long Blades
   959 | Ossuary  | Reached skill level 1 in Invocations
   998 | Ossuary  | Reached XP level 5. HP: 18/38 MP: 8/8
  1051 | Ossuary  | Reached skill level 5 in Long Blades
  1051 | Ossuary  | Reached XP level 6. HP: 19/44 MP: 9/9
  1345 | D:7      | Noticed a black bear
  1365 | D:7      | Killed a black bear
  1365 | D:7      | Reached XP level 7. HP: 36/51 MP: 10/10
  1410 | D:5      | Entered Level 5 of the Dungeon
  1460 | D:5      | Got a crude leather armour
  1563 | D:5      | Reached skill level 6 in Long Blades
  1800 | D:5      | Reached XP level 8. HP: 38/58 MP: 11/11
  1898 | D:4      | Reached * piety under Fedhas
  2382 | D:2      | Found a runed door.
  2386 | D:2      | Noticed Crazy Yiuf
  2397 | D:2      | Killed Crazy Yiuf
  2471 | D:2      | Reached ** piety under Fedhas
  2507 | D:2      | Found a hazy altar of Hepliaklqana.
  2544 | D:2      | Found a shattered altar of Ashenzari.
  2938 | D:3      | Found an ancient bone altar of Kikubaaqudgha.
  3121 | D:3      | Found an opulent altar of Gozag.
  3122 | D:3      | Found a glowing silver altar of Zin.
  3366 | D:4      | Found a bloodstained altar of Trog.
  3634 | D:4      | Reached skill level 7 in Long Blades
  3982 | D:5      | Found Ohirroape's Magic Scroll Boutique.
  3988 | D:5      | Bought a scroll of identify for 30 gold pieces
  3988 | D:5      | Bought a scroll of identify for 30 gold pieces
  3988 | D:5      | Bought a scroll of magic mapping for 52 gold pieces
  3988 | D:5      | Bought a scroll of enchant weapon for 112 gold pieces
  3988 | D:5      | Bought a scroll of identify for 30 gold pieces
  4323 | D:5      | Found a shadowy altar of Dithmenos.
  4557 | D:6      | Reached skill level 5 in Invocations
  4557 | D:6      | Reached XP level 9. HP: 49/66 MP: 12/12
  4578 | D:6      | Reached *** piety under Fedhas
  4587 | D:6      | Got a steaming quarterstaff
  4605 | D:6      | Identified the +5 quarterstaff of Defiance {freeze, rN+} (You found it on level 6 of the Dungeon)
  4776 | D:6      | Found a staircase to the Ecumenical Temple.
  4812 | D:6      | Reached skill level 5 in Fighting
  4906 | D:6      | Reached skill level 8 in Long Blades
  5217 | D:7      | Noticed a slime creature
  5256 | D:8      | Noticed tidbits's ghost (novice GnTm)
  5335 | D:7      | Found Xoinuvo's Assorted Antiques.
  5351 | D:7      | Bought a fizzy blue potion for 19 gold pieces
  5485 | D:7      | Reached skill level 5 in Armour
  5633 | D:8      | Reached XP level 10. HP: 51/74 MP: 14/14
  5697 | D:7      | Reached skill level 9 in Long Blades
  6141 | D:8      | Reached **** piety under Fedhas
  6172 | D:9      | Found a staircase to the Orcish Mines.
  6172 | D:9      | Found Doewots's Armour Shop.
  6186 | D:10     | Entered Level 10 of the Dungeon
  6202 | D:10     | Noticed a two-headed ogre
  6217 | D:10     | Killed a two-headed ogre
  6228 | D:10     | Reached skill level 10 in Long Blades
  6524 | D:9      | Noticed a cyclops
  6530 | D:9      | Found a large runed door.
  6532 | D:9      | Found a large runed door.
  6697 | D:8      | Got a fine shortbow
  6812 | D:9      | Noticed a centaur warrior
  6820 | D:9      | Noticed a naga warrior
  6823 | D:9      | Noticed a naga warrior
  6827 | D:9      | Found an iron altar of Okawaru.
  6827 | D:9      | Found an iron altar of Okawaru.
  6831 | D:9      | You fall through a shaft!
  6973 | D:8      | Noticed Gastronok
  7178 | D:10     | Reached XP level 11. HP: 67/80 MP: 17/17
  7363 | D:10     | Noticed a two-headed ogre
  7416 | D:11     | Noticed a purple ugly thing
  7429 | D:11     | Killed a purple ugly thing
  7429 | D:11     | Reached skill level 11 in Long Blades
  7514 | D:12     | Noticed a white ugly thing
  7520 | D:12     | You fall through a shaft for 3 floors!
  7520 | D:15     | Entered Level 15 of the Dungeon
  7539 | D:15     | Noticed a centaur warrior
  7562 | D:15     | Killed a centaur warrior
  7562 | D:15     | Reached skill level 5 in Dodging
  7690 | D:15     | Found a labyrinth entrance.
  7721 | Lab      | Entered a labyrinth
  7941 | Lab      | Noticed a minotaur
  7974 | Lab      | NormalPerson7: lol
  7979 | Lab      | 4thArraOfDagon: wow
  7984 | Lab      | NormalPerson7: minos are ridiculous now
  7984 | Lab      | Slain by a minotaur

Vault maps used:
D:1:      lightli_arrival_lavapool
D:2:      overflow_temple_1_default, marbit_many_paths, first_ration,
          uniq_crazy_yiuf_cottage
D:3:      grunt_temple_overflow_gold_and_silver, overflow_temple_1_default,
          kennysheep_vampire_church
D:4:      corexii_shack_village, kennysheep_mini_moat, minmay_gold_behind_fungi
D:5:      serial_shops, shop_statue, kennysheep_cross_bottleneck,
          roderic_lattice_a, st_stairs_13, grunt_dithmenos_shadows
D:6:      minmay_temple_entry_trees, minmay_holes, due_unseen_surprise
D:7:      lemuel_slime, kennysheep_little_box, serial_shops, nicolae_shop_trees,
          enter_ossuary_5, hangedman_decor_growths
D:8:      uniq_gastronok
D:9:      okawaru_arena_lexackson, orc_david_3
D:11:     lair_entry_dummy
D:12:     serial_shops, shop, uniq_urug
D:15:     gammafunk_enter_depths_forms, lab_entry_generic,
          hangedman_abyss_or_decor_jellyfish_corner, serial_glass,
          glass_columns_c, glass_columns_c, glass_columns_a, glass_columns_b,
          glass_columns_b, glass_columns_b, glass_columns_a, glass_columns_c,
          glass_columns_a, glass_columns_a, feat_on_display,
          minmay_strange_pillars, corexii_corridor_pit, uniq_roxanne
Lab:      labyrinth_mini_lab
Ossuary:  ossuary_tomb_1

Skill      XL: |  1  2  3  4  5  6  7  8  9 10 11 |
---------------+----------------------------------+-----
Long Blades    | 3 4 5 6 7 8 10 11 | 11.5
Invocations    | 1 2 3 5 6 8 9 |  9.1
Dodging        | 2 3 4 5 |  5.1
Armour         | 2 3 5 7 8 |  8.0
Fighting       | 3 4 5 |  5.4
Throwing       | |  1.0
Spellcasting   | |  2.1
Translocations | |  2.6

Action                   |  1- 3 |  4- 6 |  7- 9 | 10-12 || total
-------------------------+-------+-------+-------+-------++-------
Melee: Falchion          |   145 |   217 |   219 |       ||   581
       Long sword        |       |       |   381 |   396 ||   777
       Staff             |       |       |     4 |       ||     4
Invok: Fungal Bloom      |       |       |    28 |    21 ||    49
       Growth            |       |       |       |     1 ||     1
       Evolution         |       |       |       |     1 ||     1
 Abil: Shaft Self        |     2 |       |       |     2 ||     4
       Dig               |     1 |       |    27 |    21 ||    49
Evoke: Wand              |       |       |       |     4 ||     4
  Use: Scroll            |     6 |       |     7 |     4 ||    17
       Potion            |       |       |       |    15 ||    15
  Eat: Ration            |     1 |       |     3 |     1 ||     5
       Chunk             |       |       |    14 |     6 ||    20
Armor: Leather armour    |    11 |       |       |       ||    11
       Ring mail         |    40 |       |       |       ||    40
       Scale mail        |     8 |   102 |   262 |   163 ||   535
       Skin              |       |       |       |    66 ||    66
Dodge: Dodged            |    88 |    90 |   379 |   216 ||   773
       Rpst.: Falchion   |    24 |    27 |    40 |       ||    91
       Long sword        |       |       |    82 |    67 ||   149

Table legend:
 A = Spawn XP
 B = Non-spawn XP
 C = Spawn XP percentage of total XP
 D = Spawn monster count
 E = Non-spawn monster count
 F = Spawn count percentage of total count
 G = Total turns spent on level
                    A         B        C        D         E        F      G
               +---------+---------+-------+---------+---------+-------+---------
         Total |       0 |   11386 |   0.0 |       0 |     302 |   0.0 |  7984
               +---------+---------+-------+---------+---------+-------+---------
           D:1 |       0 |      32 |   0.0 |       0 |      13 |   0.0 |   470
           D:2 |       0 |     131 |   0.0 |       0 |      30 |   0.0 |   780
           D:3 |       0 |     246 |   0.0 |       0 |      30 |   0.0 |   645
           D:4 |       0 |     323 |   0.0 |       0 |      31 |   0.0 |   750
           D:5 |       0 |     631 |   0.0 |       0 |      24 |   0.0 |   972
           D:6 |       0 |    1046 |   0.0 |       0 |      20 |   0.0 |   799
           D:7 |       0 |    1090 |   0.0 |       0 |      33 |   0.0 |   922
           D:8 |       0 |    1067 |   0.0 |       0 |      26 |   0.0 |   427
           D:9 |       0 |     559 |   0.0 |       0 |       8 |   0.0 |   373
          D:10 |       0 |    3133 |   0.0 |       0 |      33 |   0.0 |   760
          D:11 |       0 |     601 |   0.0 |       0 |       3 |   0.0 |   127
          D:12 |       0 |      12 |   0.0 |       0 |       4 |   0.0 |    16
          D:15 |       0 |    2127 |   0.0 |       0 |       8 |   0.0 |   201
       Ossuary |       0 |     388 |   0.0 |       0 |      39 |   0.0 |   479
               +---------+---------+-------+---------+---------+-------+---------
